 Dungeon Crawl Stone Soup version 0.29-a0-284-gf9362112df (webtiles) character file.

Game seed: 1550257959933908062

129 Sweetruy1997 the Ducker (level 4, -1/22 HPs)
             Began as a Felid Berserker on Mar 24, 2022.
             Was a Follower of Trog.
             Slain by a goblin
             ... wielding a +0 vampiric dagger
             ... led by Robin
              (4 damage)
             ... on level 4 of the Dungeon.
             The game lasted 00:04:49 (3187 turns).

Sweetruy1997 the Ducker (Felid Berserker)           Turns: 3187, Time: 00:04:50

Health: -1/22      AC:  1    Str: 13    XL:     4   Next: 88%
Magic:  5/5        EV: 20    Int:  9    God:    Trog [*.....]
Gold:   172        SH:  0    Dex: 17    Spells: 3/3 levels left
                                        Lives:  0   Deaths: 1

rFire   . . .      SeeInvis +     - Unarmed
rCold   . . .      Faith    .   (shield unavailable)
rNeg    . . .      Spirit   .   (body armour unavailable)
rPois   .          Reflect  .   (helmet unavailable)
rElec   .          Harm     .   (cloak unavailable)
rCorr   .          Rampage  .   (gloves unavailable)
Will    .....                   (boots unavailable)
Stlth   ++........              (no amulet)
HPRegen 0.07/turn               f - ring of ice
MPRegen 0.09/turn               a - ring of fire

@: on berserk cooldown, slowed, slow
A: very small, claws 1, fangs 3, see invisible, speed 1, shaggy fur 1, stealthy
paws, no weapons or thrown items, no armour, multi-lived
a: Renounce Religion, Berserk


You were on level 4 of the Dungeon.
You worshipped Trog.
Trog was aware of your devotion.
You visited 1 branch of the dungeon, and saw 4 of its levels.

You collected 172 gold pieces.

Inventory:

Jewellery
 a - a ring of fire (right paw)
 f - a ring of ice (left paw)
Wands
 j - a wand of flame (9)
Scrolls
 c - a scroll of vulnerability {unknown}
 e - a scroll of immolation {unknown}
 g - 2 scrolls of enchant armour {unknown}
 i - 4 scrolls of identify {unknown}
 l - a scroll of blinking {unknown}
Potions
 b - a potion of might {unknown}
 d - 2 potions of lignification {unknown}
 h - a potion of brilliance {unknown}
 k - a potion of mutation {unknown}


   Skills:
 + Level 3.8 Fighting
 + Level 5.8 Dodging
 + Level 1.9 Stealth
 + Level 4.7 Unarmed Combat


You had 3 spell levels left.
You didn't know any spells.
Your spell library was empty.

Dungeon Overview and Level Annotations

Branches:
Dungeon (4/15)
 Temple: D:4-7

Altars:
Okawaru

Annotations:
D:4 Robin


Innate Abilities, Weirdness & Mutations

You have sharp claws.
You have razor-sharp teeth.
You have supernaturally acute eyesight. (SInv)
You cover ground quickly. (Speed+)
You are covered in fur. (AC +1)
Your paws help you pounce on unaware monsters.
You are incapable of wielding weapons or throwing items.
You cannot wear armour.
You gain extra lives every three experience levels.


Message History

You kill the goblin!
Trog accepts your kill.
You hear a shout!
Robin, a hobgoblin and 2 goblins come into view.
Robin shouts!
The hobgoblin shouts!
The goblin shouts! x2; You hear a shout!
A hobgoblin comes into view.
The goblin unwields a +0 club.
The goblin wields a +0 hunting sling.
The goblin shoots a sling bullet.
The sling bullet misses you.
A goblin comes into view. It is wielding a +0 club.
You see here a +0 club.
A goblin and a necrophage come into view.
The goblin is wielding a +0 vampiric dagger.
You feel a strong urge to attack something.
You are no longer berserk.
You are exhausted.
You feel yourself slow down.
The goblin shouts!
The hobgoblin shouts!
Robin throws the goblin at you! The goblin completely misses you.
The goblin hits you with a +0 dagger. The goblin hits you with a +3 dagger.
Robin throws the goblin at you! The goblin closely misses you.
The goblin barely misses you. The goblin completely misses you.
You barely miss the goblin. Your bite misses the goblin.
The goblin completely misses you. The goblin hits you with a +3 dagger.
* * * LOW HITPOINT WARNING * * *
A hobgoblin comes into view.
The goblin barely misses you. The goblin attacks as you move away!
The goblin completely misses you. Robin throws the goblin at you!
* * * LOW HITPOINT WARNING * * *
The goblin completely misses you.
The goblin shoots a sling bullet.
The sling bullet closely misses you.
You barely miss the goblin.
Robin roars a battlecry!
The goblins go into a battle-frenzy!
The goblin barely misses you. The goblin closely misses you.
The goblin misses you. The goblin completely misses you.
You barely miss the goblin. The goblin completely misses you.
The goblin closely misses you.
The goblin hits you with a +0 vampiric dagger.
You die...

# .......###### #.
#. #............
#..#. #...#........
###..#. #...#..#
......####...#..##
#..#.#...?......#
.##...........#.#.#
......)..g#...#.#.#
#......g@g>.......
.#...#.ggg#g..#.#.##
.......ggg.........
#.......n$..###.#.##
#....#.#..#.# #.#.#
........g..... .
#........g......
#..#............
#..#...#.....##.


You could see a necrophage, Robin, 4 hobgoblins and 7 goblins.

Vanquished Creatures
  A hound (D:4)
  Natasha (thrice) (D:2)
  An iguana (D:3)
  5 adders
  A worm (D:3)
  A dart slug (D:1)
  An orc (D:2)
  2 bats
  5 endoplasms
  2 giant cockroaches
  7 goblins
  A hobgoblin (D:3)
  5 ball pythons
  2 frilled lizards
  6 kobolds
  3 rats
46 creatures vanquished.

Vanquished Creatures (others)
  An orc (D:4)
  6 plants (D:2)
7 creatures vanquished.

Grand Total: 53 creatures vanquished

Notes
Turn   | Place    | Note
-------+----------+-------------------------------------------
     0 | D:1      | Sweetruy1997 the Felid Berserker began the quest for the
                  | Orb.
     0 | D:1      | Reached XP level 1. HP: 10/10 MP: 2/2
   227 | D:1      | Reached XP level 2. HP: 7/14 MP: 3/3
   931 | D:1      | Found a faded altar of an unknown god.
  1042 | D:2      | Found an iron altar of Okawaru.
  1230 | D:2      | Noticed Natasha
  1238 | D:2      | HP: 1/21 [Natasha (3)]
  1239 | D:2      | Killed Natasha
  1240 | D:2      | Reached XP level 3. HP: 1/17 MP: 4/4
  1451 | D:2      | Noticed Natasha
  1467 | D:2      | Killed Natasha
  1468 | D:2      | Reached skill level 5 in Dodging
  1468 | D:2      | Reached XP level 4. HP: 15/21 MP: 5/5
  1861 | D:2      | Noticed Natasha
  1970 | D:2      | Killed Natasha
  2497 | D:3      | Reached skill level 1 in Stealth
  2573 | D:3      | Reached XP level 5. HP: 22/25 MP: 6/6
  3157 | D:4      | Killed from afar by an orc
  3158 | D:4      | Reached XP level 4. HP: -7/22 MP: 5/5
  3180 | D:4      | Noticed Robin
  3181 | D:4      | Noticed a necrophage
  3187 | D:4      | Slain by a goblin

Illustrated notes

Levels and vault maps discovered:
D:1:      eino_arrival_druids_welcome, layout_rooms,
          hellmonk_ecumenical_altar_zigzags
D:2:      layout_loops_cross, basic_altar, serial_forest,
          infiniplex_forest_split, infiniplex_forest_clump_tiny,
          infiniplex_forest_straight_5, infiniplex_forest_fountain,
          infiniplex_forest_zigzag_1, infiniplex_forest_clump_tiny,
          infiniplex_forest_straight_2, uniq_natasha
D:3:      layout_loops_ring
D:4:      layout_basic, serial_shops, shop, uniq_robin

Skill      XL: |  1  2  3  4 |
---------------+-------------+-----
Dodging        | 5 |  5.8
Unarmed Combat | 4 |  4.7
Stealth        | 1 |  1.9
Fighting       | |  3.8

Action                   |  1- 3 |  4- 6 || total
-------------------------+-------+-------++-------
Melee: Unarmed           |    52 |    69 ||   121
       Bite              |     4 |     7 ||    11
       Punch             |       |     3 ||     3
Invok: Berserk           |     2 |     2 ||     4
 Stab: Sleeping          |       |     3 ||     3
Armor: Skin              |     1 |     4 ||     5
Dodge: Dodged            |    44 |    71 ||   115

Table legend: (Time is in decaauts)
 A = Elapsed time spent in this place.
 B = Non-inter-level travel time spent in this place.
 C = Inter-level travel time spent in this place.
 D = Time resting spent in this place.
 E = Time spent auto-exploring this place.
 F = Levels seen in this place.
 G = Mean time per level.
                   A        B        C        D        E       F      G
               +--------+--------+--------+--------+--------+-----+--------+
         Total |   2852 |   2793 |     59 |    371 |   2122 |   4 |  713.0 |
       Dungeon |   2852 |   2793 |     59 |    371 |   2122 |   4 |  713.0 |
               +--------+--------+--------+--------+--------+-----+--------+

Top non-repeatable levels by time:
     D:2: 1286 daAuts
     D:1: 941 daAuts
     D:3: 590 daAuts
     D:4: 34 daAuts
